 Dungeon Crawl Stone Soup version 0.26-a0-1161-g0398aca569 (webtiles) character file.

Game seed: 14644970587853050449

66 Brecoman the Skirmisher (level 3, -1/33 HPs)
             Began as a Palentonga Fighter on Dec 27, 2020.
             Slain by an adder (2 damage)
             ... on level 2 of the Dungeon.
             The game lasted 00:08:13 (1083 turns).

Brecoman the Skirmisher (Palentonga Fighter)        Turns: 1083, Time: 00:08:14

Health: -1/33      AC:  6    Str: 20    XL:     3   Next: 96%
Magic:  0/3        EV:  5    Int:  8    God:
Gold:   69         SH:  9    Dex:  9    Spells: 2/2 levels left

rFire    . . .     SeeInvis +   a - +0 war axe
rCold    . . .     Faith    .   c - +0 kite shield
rNeg     . . .     Spirit   .   b - +0 scale mail
rPois    .         Reflect  .   (no helmet)
rElec    .         Harm     .   (no cloak)
rCorr    .         Rampage  .   (no gloves)
Will     .....                  (no barding)
Stlth    ..........             (no amulet)
HPRegen  0.11/turn              (no ring)
MPRegen  0.08/turn              (no ring)

@: lethally poisoned (-1 -> -3)
A: large, rugged brown scales 3, see invisible, deformed body, roll 1, armoured
tail
a: Rolling Charge


You were on level 2 of the Dungeon.
You visited 1 branch of the dungeon, and saw 2 of its levels.

You collected 69 gold pieces.

Inventory:

Hand Weapons
 a - a +0 war axe (weapon)
Missiles
 g - 55 stones
Armour
 b - a +0 scale mail (worn)
 c - a +0 kite shield (worn)
Scrolls
 e - a scroll of teleportation {unknown}
 f - 2 scrolls of enchant weapon {unknown}
 h - a scroll of fear {unknown}
 j - 2 scrolls of blinking {unknown}
 k - a scroll of enchant armour {unknown}
 l - a scroll of identify {unknown}
 m - a scroll of fog {unknown}
Potions
 d - a potion of might
 i - a potion of haste


   Skills:
 + Level 3.6 Fighting
 + Level 2.8 Axes
 - Level 2.4 Armour
 + Level 3.0 Shields
 + Level 1.0 Invocations


You had 2 spell levels left.
You didn't know any spells.
Your spell library was empty.

Dungeon Overview and Level Annotations

Branches:
Dungeon (2/15)

Altars:
Uskayaw


Innate Abilities, Weirdness & Mutations

You are completely covered in rugged brown scales. (AC +3, +7% HP)
You have supernaturally acute eyesight. (SInv)
Armour fits poorly on your strangely shaped body.
You can roll at nearby foes to attack.
You have a long armoured tail.


Message History

* * * LOW HITPOINT WARNING * * *
Okay, then.
Okay, then.
Okay, then.
Really renounce your faith, foregoing its fabulous benefits?
Are you sure?
You have lost your religion!
Uskayaw does not appreciate desertion!
* * * LOW HITPOINT WARNING * * *
You feel sick. The adder bites you.
* * * LOW HITPOINT WARNING * * *
Unknown command.
You hit the adder but do no damage.
The adder is severely wounded.
You block the adder's attack. The adder bites you but does no damage.
You barely miss the adder.
Your tail-slap misses the adder.
The adder is severely wounded.
* * * LOW HITPOINT WARNING * * *
You feel sick. The adder bites you but does no damage. The adder bites you.
You die...

#.#..#....##########
......#....#
#####......#
.......†.#
####.....#
#.....#########
#...........).#
#......#....#.#
##.....#.##@#.#
#..#..#.##S#.###
.......#.#.g....#
####...##.####.#.#
##..........#.#
#..##.##.#S#.#####
#<.5........
............###
####.######?#


You could see an adder and a goblin.

Vanquished Creatures
  Natasha (D:2)
  An adder (D:2)
  2 worms (D:2)
  A dart slug (D:1)
  A leopard gecko (D:2)
  A giant cockroach (D:1)
  3 goblins
  4 hobgoblins
  2 kobolds
  A quokka (D:2)
  2 bats (D:1)
  A frilled lizard (D:1)
  3 rats (D:1)
23 creatures vanquished.

Vanquished Creatures (others)
  5 toadstools (D:1)
5 creatures vanquished.

Grand Total: 28 creatures vanquished

Notes
Turn   | Place    | Note
-------+----------+-------------------------------------------
     0 | D:1      | Brecoman the Palentonga Fighter began the quest for the
                  | Orb.
     0 | D:1      | Reached XP level 1. HP: 20/20 MP: 1/1
   124 | D:1      | Reached XP level 2. HP: 26/27 MP: 2/2
   222 | D:1      | You fall into a shaft and drop 1 floor!
   939 | D:2      | Found a hide-covered altar of Uskayaw.
   945 | D:2      | Became a worshipper of Uskayaw the Reveller
   999 | D:2      | Reached * piety under Uskayaw
  1004 | D:2      | Reached XP level 3. HP: 31/33 MP: 3/3
  1060 | D:2      | Noticed Natasha
  1076 | D:2      | Killed Natasha
  1077 | D:2      | Reached skill level 1 in Invocations
  1078 | D:2      | Reached ** piety under Uskayaw
  1081 | D:2      | Fell from the grace of Uskayaw
  1083 | D:2      | HP: 1/33 [poisoned by an adder]
  1083 | D:2      | Slain by an adder

Illustrated notes

Levels and vault maps discovered:
D:1:      ldierk_walled_garden, layout_basic
D:2:      layout_basic, marbit_many_paths, uniq_natasha

Skill      XL: |  1  2  3 |
---------------+----------+-----
Shields        | 3 |  3.0
Invocations    | 1 |  1.0
Fighting       | |  3.6
Axes           | |  2.8
Armour         | |  2.4

Action                   || total
-------------------------++-------
Melee: War axe           ||    71
       Tailslap          ||     6
Invok: Stomp             ||     1
       Renounce Religion ||     1
 Abil: Rolling Charge    ||     7
Armor: Scale mail        ||    38
Dodge: Dodged            ||     9
Block: Kite shield       ||    44

Table legend: (Time is in decaauts)
 A = Elapsed time spent in this place.
 B = Non-inter-level travel time spent in this place.
 C = Inter-level travel time spent in this place.
 D = Time resting spent in this place.
 E = Time spent auto-exploring this place.
 F = Levels seen in this place.
 G = Mean time per level.
                   A        B        C        D        E       F      G
               +--------+--------+--------+--------+--------+-----+--------+
         Total |   1122 |   1101 |     21 |      0 |    580 |   2 |  561.0 |
       Dungeon |   1122 |   1101 |     21 |      0 |    580 |   2 |  561.0 |
               +--------+--------+--------+--------+--------+-----+--------+

Top non-repeatable levels by time:
     D:1: 782 daAuts
     D:2: 340 daAuts
